 Dungeon Crawl Stone Soup version bcrawl-1.38.3 (webtiles) character file.

Game seed: 9938445581439529692

324375 fifreuwaquouxo3460 the Holy Warrior (level 9, -1/83 HPs)
             Began as a Troll Monk on June 23, 2023.
             Was a Priest of the Shining One.
             Succumbed to poison (poison gas)
             ... on level 7 of the Dungeon.
             The game lasted 00:09:06 (5276 turns).

fifreuwaquouxo3460 the Holy Warrior (Troll Monk)    Turns: 5276, Time: 00:09:07

Health: -1/83      AC:  8    Str: 26    XL:     9   Next: 32%
Magic:  10/17      EV: 11    Int:  7    God:    the Shining One [***...]
Gold:   380        SH:  0    Dex: 15    Spells: 8/8 levels left

rFire    . . .     GDR:     30%   - Claws (19.7)
rCold    . . .     SeeInvis .   (no shield)
rNeg     + . .     Gourm    +   (armour unavailable)
rPois    .         Faith    .   a - +0 hat
rElec    .         Spirit   +   j - scarf {stasis}
rCorr    .         Reflect  .   (gloves unavailable)
MR       +....                  (boots unavailable)
Stlth    +.........             x - amulet of guardian spirit
HPRegen  0.63/turn              k - +5 ring of strength
MPRegen  0.15/turn              d - ring of protection from magic (curse)

@: lethally poisoned (-1 -> -75), glowing
A: large, almost no armour, claws 3, fast metabolism 3, gourmand, regeneration
1, AC +8
a: Divine Shield, Cleansing Flame, Renounce Religion


You were on level 7 of the Dungeon.
You worshipped the Shining One.
The Shining One was most pleased with you.
You were full.

You visited 1 branch of the dungeon, and saw 7 of its levels.

You collected 561 gold pieces.
You spent 181 gold pieces at shops.

Inventory:

Hand Weapons
 b - a +0 hunting sling of flaming
Missiles
 h - 1338 stones (quivered)
 u - 133 sling bullets
 G - 93 poisoned tomahawks
 I - a throwing net {=f}
Armour
 a - a +0 hat (worn)
 j - a scarf of stasis (worn)
Jewellery
 d - a cursed ring of protection from magic (right claw)
 f - an uncursed ring of protection from cold
 k - a +5 ring of strength (left claw)
 x - an amulet of guardian spirit (around neck)
Wands
 s - a wand of random effects (8)
 v - a wand of polymorph (3)
 J - a wand of acid (7)
Scrolls
 c - 3 scrolls of remove curse
 i - 2 scrolls of identify
 o - 2 scrolls of blinking {unknown}
 p - 2 scrolls of enchant armour
 z - 3 scrolls of teleportation
 A - 2 scrolls of magic mapping {unknown}
 C - 2 scrolls of enchant weapon {unknown}
 F - a scroll of noise {unknown}
Potions
 g - a potion of invisibility
 l - 2 potions of cancellation
 m - 3 potions of curing
 n - 2 potions of heal wounds
 q - 2 potions of agility
 r - a potion of haste
 t - 2 potions of flight
 w - a potion of berserk rage
 y - a potion of magic
 B - a potion of resistance {unknown}
 D - a potion of lignification {unknown}
 E - 2 potions of mutation {unknown}
 H - a potion of might {unknown}
Comestibles
 e - 14 rations {!d}


   Skills:
 + Level 3.2 Fighting
 + Level 2.5 Dodging
 - Level 1.1 Stealth
 + Level 4.0 Unarmed Combat
 - Level 12.0 Invocations
 + Level 0.2 Evocations


You had 8 spell levels left.
You didn't know any spells.
Your spell library contained the following spells:

 Spells                   Type           Power        Failure   Level  Hunger
 Magic Dart               Conj           #...         43%         1    None
 Necrotize                Necr           #.....       43%         1    None
 Blink                    Tloc           N/A          56%         2    ####...
 Call Imp                 Summ           #.....       56%         2    ####...
 Conjure Flame            Conj/Fire      #.......     80%         3    #####..
 Mephitic Cloud           Conj/Pois/Air  #.......     80%         3    #####..
 Spider Form              Tmut/Pois      #..          80%         3    #####..
 Vampiric Draining        Necr           #.........   80%         3    #####..
 Agony                    Necr           #.......     99%         4    ######.
 Animate Dead             Necr           N/A          99%         4    ######.
 Dispel Undead            Necr           #.......     100%        5    #######


Dungeon Overview and Level Annotations

Branches:
Dungeon (7/12)             Temple (0/1) D:5
   Lair: D:7-9

Altars:
Qazlal
Xom
The Shining One

Shops:
D:4 ?[   D:7 [


Innate Abilities, Weirdness & Mutations

You cannot wear most types of armour.
Your thick skin is tough. (AC +8)
You are too large for most types of armour.
You have claws for hands.
Your metabolism is lightning-fast.
You like to eat raw meat.
Your natural rate of healing is unusually fast.


Message History

You are more poisoned.
You feel very sick.
You bump into the rock wall.
You are engulfed in poison gas.
You are lethally poisoned!
You feel very sick.
You bump into the rock wall.
You are engulfed in poison gas.
You are more poisoned.
You feel less confused.
You feel extremely sick.
You are engulfed in poison gas.
You are more poisoned.
* * * LOW HITPOINT WARNING * * *
You feel extremely sick.
You are engulfed in poison gas.
You are more poisoned.
* * * LOW HITPOINT WARNING * * *
x2 You feel extremely sick.
* * * LOW HITPOINT WARNING * * *
You feel extremely sick.
You die...
Xom snickers!

#.(......................
#........................
#................÷.......
#........................
####.........†...#####.....#
#.......#####....# ##.##.#
#......#######...######..# #
#......##%%÷##...##.....>#
#......##.°@##...##.####.#.#
####...##%(.##...##.# #.#.#
#....###.##...##.# #.#.#
#..?. #.###...##.# #.#.#
#... ##.# ...#.# #.#.#
##.### ##.#.####.#.# #.).##.
#.........#.#
#.#######.###.##.....#####..
#...........#.....†..#.....#


There were no monsters in sight!

Vanquished Creatures
  Pikel (D:6)
  Grinder (D:4)
  2 water moccasins (D:7)
  An ice beast (D:5)
  6 ogres
  Blork the orc (D:4)
  2 centaurs (D:6)
  A water moccasin skeleton (D:4)
  2 orc priests (D:5)
  3 bullfrog zombies
  3 crimson imps
  2 hounds
  A bullfrog skeleton (D:6)
  2 iguanas
  Ijyb (D:3)
  Natasha (thrice) (D:3 D:5)
  An orc wizard (D:5)
  2 worker ants (D:5)
  2 hound zombies
  3 worker ant zombies (D:5)
  Robin (D:4)
  A howler monkey zombie (D:3)
  5 gnolls
  6 adders
  5 adder zombies
  2 adder skeletons
  4 worms
  4 dart slugs
  3 leopard geckos (D:2)
  16 orcs
  3 giant cockroaches
  12 goblins
  11 hobgoblins
  8 jackals
  3 quokkas
  A ball python (D:2)
  10 bats
  3 frilled lizards
  5 kobolds
  2 quokka skeletons
  4 rats
149 creatures vanquished.

Notes
Turn   | Place    | Note
-------+----------+-------------------------------------------
     0 | D:1      | fifreuwaquouxo3460 the Troll Monk began the quest for the
                  | Orb.
     0 | D:1      | Reached XP level 1. HP: 22/22 MP: 1/1
   121 | D:1      | Found a shimmering altar of Xom.
   373 | D:1      | Reached XP level 2. HP: 29/29 MP: 2/2
   459 | D:1      | Became a worshipper of The Xom-Meister
   849 | D:1      | XOM is BORED!
   849 | D:1      | XOM: harmless Erth miscast
   924 | D:2      | XOM: enchant monster (bad)
   928 | D:2      | XOM: confuse monster(s)
   987 | D:2      | XOM: god gift: ration
  1109 | D:2      | XOM: god gift: embroidered scarf {god gift}
  1151 | D:2      | Reached XP level 3. HP: 37/37 MP: 3/3
  1154 | D:2      | XOM: enchant monster (bad)
  1412 | D:2      | Found a glowing golden altar of the Shining One.
  1422 | D:2      | Found a stormy altar of Qazlal.
  1424 | D:2      | Fell from the grace of Xom
  1424 | D:2      | Became a worshipper of the Shining One
  1651 | D:2      | XOM: mild Summ miscast
  1810 | D:3      | Gained mutation: Your natural rate of healing is unusually
                  | fast. [Troll growth]
  1810 | D:3      | Reached XP level 4. HP: 45/45 MP: 4/4
  1833 | D:3      | Reached skill level 3 in Invocations
  1921 | D:3      | Noticed an ogre
  1921 | D:3      | Noticed Natasha
  1927 | D:3      | Killed an ogre
  1928 | D:3      | Reached skill level 4 in Invocations
  1928 | D:3      | Reached XP level 5. HP: 38/53 MP: 4/7
  1933 | D:3      | Killed Natasha
  1934 | D:3      | Reached skill level 5 in Invocations
  2025 | D:3      | XOM: summons 1 hostile shadow creature
  2166 | D:3      | Reached * piety under the Shining One
  2251 | D:3      | Noticed Ijyb
  2298 | D:3      | Killed Ijyb
  2299 | D:3      | Reached XP level 6. HP: 61/61 MP: 8/8
  2353 | D:3      | XOM: polymorph bat -> gnoll
  2792 | D:4      | Reached skill level 6 in Invocations
  2868 | D:4      | Found Ceguiru's Magic Scroll Emporium.
  2874 | D:4      | Bought a scroll of identify for 22 gold pieces
  2874 | D:4      | Bought a scroll of identify for 22 gold pieces
  2874 | D:4      | Bought a scroll of identify for 22 gold pieces
  2874 | D:4      | Bought a scroll of teleportation for 33 gold pieces
  2874 | D:4      | Bought a scroll of enchant armour for 82 gold pieces
  2914 | D:4      | Noticed Robin
  2929 | D:4      | Killed Robin
  2964 | D:4      | Found Neranaj's Antique Armour Shop.
  3237 | D:4      | Noticed Grinder
  3249 | D:4      | Killed Grinder
  3250 | D:4      | Reached skill level 7 in Invocations
  3250 | D:4      | Reached XP level 7. HP: 56/67 MP: 8/11
  3298 | D:4      | Noticed Blork the orc
  3304 | D:4      | Killed Blork the orc
  3435 | D:5      | Entered Level 5 of the Dungeon
  3451 | D:5      | Found a staircase to the Ecumenical Temple.
  3459 | D:5      | Reached skill level 8 in Invocations
  3460 | D:5      | Reached ** piety under the Shining One
  3641 | D:5      | Noticed Natasha
  3648 | D:5      | Killed Natasha
  3649 | D:5      | Reached XP level 8. HP: 68/75 MP: 11/13
  3681 | D:5      | Reached skill level 9 in Invocations
  3782 | D:5      | XOM: noise
  3905 | D:5      | XOM: medium Chrm miscast
  4024 | D:5      | XOM: confusion (+ monsters)
  4138 | D:5      | Noticed Natasha
  4141 | D:5      | Killed Natasha
  4454 | D:6      | XOM: mild Air miscast
  4540 | D:6      | Reached skill level 10 in Invocations
  4632 | D:6      | XOM: medium Hex miscast
  4688 | D:6      | Reached *** piety under the Shining One
  4739 | D:6      | Noticed Pikel
  4752 | D:6      | Killed Pikel
  4753 | D:6      | Reached skill level 11 in Invocations
  4753 | D:6      | Reached XP level 9. HP: 64/81 MP: 10/16
  5059 | D:7      | Found Burummah's Antique Armour Boutique.
  5173 | D:7      | Reached skill level 12 in Invocations
  5179 | D:7      | XOM: noise
  5264 | D:7      | XOM: medium Air miscast
  5276 | D:7      | Succumbed to poison (poison gas)

Skill      XL: |  1  2  3  4  5  6  7  8  9 |
---------------+----------------------------+-----
Fighting       | 3 |  3.2
Invocations    | 4 5 7 8 11 12 | 12.0
Unarmed Combat | 4 |  4.0
Dodging        | |  2.5
Stealth        | |  1.1
Evocations     | |  0.2

Action                   |  1- 3 |  4- 6 |  7- 9 || total
-------------------------+-------+-------+-------++-------
Melee: Unarmed           |   126 |   101 |    95 ||   322
       Punch             |     2 |       |     1 ||     3
 Fire: Hunting sling     |       |    26 |   132 ||   158
Invok: Divine Shield     |       |     1 |       ||     1
  Use: Scroll            |       |     9 |       ||     9
 Stab: Sleeping          |     6 |       |       ||     6
       Confused          |     2 |       |       ||     2
  Eat: Chunk             |    19 |    11 |    17 ||    47
Armor: Skin              |    47 |    39 |    37 ||   123
Dodge: Dodged            |    84 |    51 |    51 ||   186
Block: Other             |       |     9 |       ||     9
